 Dungeon Crawl Stone Soup version 0.25.1-8-g42b30a86e7 (webtiles) character file.

Game seed: 11990312108289506630

31151 DildoBatman the Protected (level 13, -1/101 HPs)
             Began as a Formicid Wizard on Dec 3, 2020.
             Was an Initiate of Gozag.
             Slain by a reaper
             ... wielding a +4 scythe of freezing
              (10 damage)
             ... in a Gauntlet on Dec 4, 2020.
             The game lasted 01:23:56 (17920 turns).

DildoBatman the Protected (Formicid Wizard)        Turns: 17920, Time: 01:23:56

Health: -1/101     AC: 18    Str: 14    XL:     13   Next: 94%
Magic:  7/24       EV: 15    Int: 25    God:    Gozag
Gold:   532        SH:  0    Dex:  9    Spells: 5/27 levels left

rFire    + + .     SeeInvis +   b - +5 dagger (elec)
rCold    . . .     Gourm    .   (no shield)
rNeg     + . .     Faith    .   o - +0 troll leather armour
rPois    +         Spirit   .   (helmet unavailable)
rElec    .         Reflect  .   y - +2 cloak {Stlth+}
rCorr    .         Harm     .   I - +2 pair of gloves of Vuon Seuf {rN+}
MR       ++...     Clarity  +   R - +2 pair of boots
Stlth    ++........             P - amulet of the acrobat
HPRegen  0.66/turn              k - ring of wizardry
MPRegen  0.19/turn              G - ring "Ykyw" {*Tele rPois rF+ MR+ Int+4}

@: brilliant
A: permanent stasis, dig shafts and tunnels, four strong arms, antennae 3,
yellow scales 1, clarity, fire resistance 1, evolution 1
a: Dig, Shaft Self, Potion Petition, Call Merchant, Bribe Branch, Renounce
Religion


You were in a Gauntlet.
You worshipped Gozag.
Gozag was pleased with you.
You were full.

You visited 3 branches of the dungeon, and saw 15 of its levels.
You also visited: Bailey and Gauntlet.

You collected 1769 gold pieces.
You spent 743 gold pieces at shops.
You paid 494 gold pieces to Gozag.

Inventory:

Hand Weapons
 a - a +4 halberd
 b - a +5 dagger of electrocution (weapon)
 c - a +1 longbow of flaming
 d - a +2 hand axe of flaming
Missiles
 e - 142 arrows
 f - 32 poisoned darts (quivered)
 l - 2 throwing nets
 p - 7 datura-tipped darts
 q - 84 sling bullets
 r - 142 bolts
 A - 2 atropa-tipped darts
 N - 16 javelins
 S - 381 stones
Armour
 i - a +2 robe of magic resistance
 o - a +0 troll leather armour (worn)
 y - a +2 cloak of stealth (worn)
 I - the +2 pair of gloves of Vuon Seuf (worn) {rN+}
   (You bought it in a shop on level 2 of the Orcish Mines)

   It protects you from negative energy.
 O - a +2 robe of cold resistance
 Q - the cursed +0 pair of gloves of Qegh {*Corrode rF- rC+ Str+7, unknown}
   (You found it in a Gauntlet)

   It affects your strength (+7).
   It makes you vulnerable to fire.
   It protects you from cold.
   It may corrode you when you take damage.
   It has a curse placed upon it.
 R - a +2 pair of boots (worn)
Jewellery
 k - a ring of wizardry (left hand)
 m - an uncursed ring of poison resistance
 z - an uncursed ring of positive energy {unknown}
 G - the ring "Ykyw" (right hand) {*Tele rPois rF+ MR+ Int+4}
   (You found it in a Gauntlet)

   [ring of teleportation]

   It may teleport you next to monsters.
   It affects your intelligence (+4).
   It protects you from fire.
   It protects you from poison.
   It affects your resistance to hostile enchantments.
 P - an amulet of the acrobat (around neck)
Wands
 h - a wand of flame (30)
 K - a wand of iceblast (10)
Scrolls
 s - 3 scrolls of fog
 u - a scroll of acquirement {unknown}
 x - 8 scrolls of remove curse
 B - 2 scrolls of amnesia
 C - a scroll of magic mapping
 E - a scroll of noise {unknown}
 H - 2 scrolls of fear
Potions
 g - 6 potions of curing
 j - a potion of resistance {unknown}
 n - a potion of magic {unknown}
 t - 2 potions of stabbing {unknown}
 w - a potion of brilliance
 D - a potion of flight {unknown}
 F - a potion of invisibility
 J - 3 potions of mutation
 L - 3 potions of cancellation
 M - 2 potions of ambrosia
Comestibles
 v - 23 rations


   Skills:
 * Level 9.5 Fighting
 - Level 2.0 Polearms
 * Level 9.5 Armour
 * Level 7.8 Dodging
 - Level 2.4 Stealth
 * Level 7.6 Spellcasting
 - Level 6.0 Conjurations
 - Level 6.0 Charms
   Level 1.0 Summonings
 - Level 9.0 Necromancy
   Level 0.8 Translocations
 - Level 5.0 Fire Magic
 - Level 6.0 Ice Magic
 - Level 4.0 Air Magic
 - Level 4.0 Poison Magic


You had 5 spell levels left.
You knew the following spells:

 Your Spells              Type           Power        Failure   Level  Hunger
a - Conjure Flame         Conj/Fire      ######..     1%          3    None
b - Ignite Poison         Fire/Tmut/Pois #####...     2%          3    None
c - Magic Dart            Conj           ####         1%          1    None
d - Vampiric Draining     Necr           ######....   1%          3    None
e - Mephitic Cloud        Conj/Pois/Air  #####...     1%          3    None
g - Ozocubu's Armour      Chrm/Ice       ######..     1%          3    None
h - Dispel Undead         Necr           ######..     1%          4    None
z - Sublimation of Blood  Necr           ######....   1%          2    None

Your spell library contained the following spells:

 Spells                   Type           Power        Failure   Level  Hunger
 Animate Skeleton         Necr           N/A          1%          1    None
 Freeze                   Ice            ####         1%          1    None
 Pain                     Necr           ####         1%          1    None
 Sting                    Tmut/Pois      ####         1%          1    None
 Corpse Rot               Necr/Air       N/A          1%          2    None
 Poisonous Vapours        Pois/Air       #####.       1%          2    None
 Frozen Ramparts          Ice            ######       1%          3    None
 Agony                    Necr           ######..     1%          5    None
 Hailstorm                Conj/Ice       ######..     2%          4    None
 Call Imp                 Summ           ###.....     3%          2    None
 Slow                     Hex            ##......     4%          2    None
 Excruciating Wounds      Chrm/Necr      ######....   4%          5    None
 Olgreb's Toxic Radiance  Pois           #####...     6%          4    None
 Summon Ice Beast         Ice/Summ       #####...     7%          4    None
 Metabolic Englaciation   Hex/Ice        #####.....   24%         5    None
 Death Channel            Necr           ######....   12%         6    None
 Simulacrum               Ice/Necr       ######....   21%         6    None
 Haunt                    Necr/Summ      ######....   95%         7    None
 Borgnjor's Revivificati  Necr           ######....   99%         8    None
 Infestation              Necr           ######....   99%         8    None
 Death's Door             Chrm/Necr      ######....   100%        8    None
 Necromutation            Tmut/Necr      #####.....   100%        8    None
 Blink                    Tloc           Unusable     N/A         2    N/A

Dungeon Overview and Level Annotations

Branches:
Dungeon (12/15)            Temple (1/1) D:6            Lair (0/6) D:9
    Orc (2/2) D:11            Elf (0/3) Orc:2        Bailey (visited)
Gauntlet (1/1)

Altars:
Ashenzari
Cheibriados
Dithmenos
Elyvilon
Fedhas
Gozag
Hepliaklqana
Kikubaaqudgha
Makhleb
Nemelex Xobeh
Okawaru
Qazlal
Ru
Sif Muna
Trog
Uskayaw
Vehumet
Wu Jian
Xom
Yredelemnul
Zin
The Shining One
Beogh

Shops:
D:5 *   D:7 =   D:10 !   Orc:2 *(:[*

Annotations:
Gauntlet 9 transporters, 3 runed translucent doors, exclusion: obsidian statue


Innate Abilities, Weirdness & Mutations

You cannot be hasted, slowed, berserked, paralysed or teleported.
You can dig through walls and to a lower floor.
Your four strong arms can wield two-handed weapons with a shield.
You have a pair of large antennae on your head. (SInv)
You are partially covered in yellow scales. (AC +2)
You possess an exceptional clarity of mind.
Your flesh is heat resistant. (rF+)
You evolve.


Message History

Lightning courses through the hellwing!
The hellwing is severely wounded.
Okay, then.
Your icy armour cracks and falls away as you move.
You see here 7 gold pieces.
You now have 532 gold pieces (gained 7).
The reaper hits you from afar with a +4 scythe of freezing!!
The reaper freezes you.
You see here a scratched bone ring.
z - a scratched bone ring The reaper hits you but does no damage.
You see here 2 atropa-tipped darts.
A - 2 atropa-tipped darts
There is a transporter here.
You see here a pair of warped gloves.
Q - a pair of warped gloves The reaper hits you from afar with a +4 scythe of freezing!!
The reaper freezes you!
You die...
Your body crumbles into a pile of gold.

.......#©##8.©.8©#.PP..#.♣.###
..P♣P..###8.8.8.[#..P♣.#......
.P...P...#.4.8...#.....#.©.#.#
.#≈#≈#...#.28#8..#.....#...#
.≈≈≈≈≈.P.#########.....#.©.#
.#≈#≈#.♣............∩..#...#
.≈≈≈≈≈PP.#########.....#.©.#
.#≈#≈#P..#...#...#.....#...#
..PPPP...#.#.#.#@#...P.#.©.#.#
..P♣...###.#$#.#.#..P♣.#......
.......#©#.##©##2#.P...#.♣.###
########.#.#.#.#4#.♣..##.....
.......#.#.#.#.#.#...## .♣.###
..#.#..#.#...#...#...≈##...#
..#.#..#.#########...≈≈# # #
..#©#.©#©#.........♣.≈##
..#.#..#.#########.P.##


You could see a reaper, a green death, an orange demon and a hellwing.

Vanquished Creatures
  An orc warlord (Orc:2)
  Nessos (Orc:2)
  An ettin (Orc:2)
  Josephine (D:11)
  Erolcha (Orc:2)
  3 two-headed ogres
  A death knight (D:12)
  Nergalle (Orc:2)
  2 orc high priests
  A phantasmal warrior (D:12)
  5 orc knights
  A wolf spider zombie (Gauntlet)
  4 orc sorcerers (Orc:2)
  A shock serpent zombie (Gauntlet)
  Psyche (D:8)
  An ice statue (Gauntlet)
  2 rime drakes (Gauntlet)
  2 freezing wraiths (D:12)
  2 trolls
  2 hornets (Gauntlet)
  Grinder (D:3)
  A tarantella zombie (Gauntlet)
  2 hippogriffs (D:7)
  Sigmund (D:2)
  3 wyverns
  Grum (D:8)
  6 wraiths (D:11)
  12 yaks (D:10)
  4 hungry ghosts
  5 wargs
  A tengu zombie (Gauntlet)
  An orb spider zombie (Gauntlet)
  A two-headed ogre zombie (Gauntlet)
  A water moccasin (D:11)
  A black bear (D:10)
  50 orc warriors
  3 sky beasts
  4 ice beasts
  A necrophage (D:8)
  6 phantoms
  7 ogres
  3 wolves
  4 centaurs
  2 big kobolds
  A hippogriff zombie (Gauntlet)
  8 bullfrogs
  A gnoll sergeant (D:7)
  2 komodo dragon skeletons
  2 scorpions
  A water moccasin skeleton (Gauntlet)
  2 killer bees (D:12)
  9 wights
  A troll skeleton (Orc:2)
  7 howler monkeys
  3 crimson imps
  3 bullfrog zombies
  4 centaur skeletons
  11 hounds
  A gnoll shaman (D:10)
  5 jellies
  15 orc priests
  A bullfrog skeleton (D:12)
  29 orc wizards
  Ijyb (D:3)
  Natasha (thrice) (D:1)
  3 iguanas
  5 worker ants
  An ogre skeleton (Orc:2)
  A hound zombie (D:7)
  2 worker ant zombies
  Robin (D:2)
  A howler monkey zombie (D:7)
  21 gnolls
  A howler monkey skeleton (D:4)
  11 adders
  4 orc skeletons
  4 shadow imps
  9 oozes
  3 worms
  A dart slug (D:3)
  4 leopard geckos
  90 orcs
  A ball python (D:4)
  3 giant cockroaches
  16 goblins
  9 hobgoblins
  9 jackals
  19 kobolds
  10 quokkas
  8 bats
  2 frilled lizards
  A jackal skeleton (D:7)
  A quokka skeleton (D:5)
  12 rats
  A fungus (D:9)
519 creatures vanquished.

Vanquished Creatures (collateral kills)
  A killer bee (D:12)
1 creature vanquished.

Vanquished Creatures (others)
  An orc (D:6)
  A plant (Gauntlet)
  8 toadstools (D:4)
  A withered plant (Gauntlet)
11 creatures vanquished.

Grand Total: 531 creatures vanquished

Notes
Turn   | Place    | Note
-------+----------+-------------------------------------------
     0 | D:1      | DildoBatman the Formicid Wizard began the quest for the
                  | Orb.
     0 | D:1      | Reached XP level 1. HP: 13/13 MP: 4/4
    16 | D:1      | Reached skill level 1 in Conjurations
   275 | D:1      | Reached XP level 2. HP: 10/19 MP: 0/6
   815 | D:1      | Reached XP level 3. HP: 24/24 MP: 4/7
  1328 | D:2      | Noticed Natasha
  1377 | D:2      | Learned a level 3 spell: Conjure Flame
  1381 | D:2      | Learned a level 3 spell: Mephitic Cloud
  1536 | D:2      | Reached XP level 4. HP: 19/30 MP: 3/8
  1552 | D:2      | Noticed Sigmund
  2006 | D:2      | Reached skill level 1 in Poison Magic
  2064 | D:2      | Reached XP level 5. HP: 17/35 MP: 4/9
  2353 | D:2      | Reached skill level 1 in Fire Magic
  2479 | D:3      | Noticed Ijyb
  2514 | D:3      | Reached skill level 1 in Air Magic
  2677 | D:3      | Noticed Grinder
  3151 | D:3      | Noticed Robin
  3257 | D:2      | Reached XP level 6. HP: 28/41 MP: 5/10
  4080 | D:4      | Reached skill level 5 in Conjurations
  4341 | D:4      | Noticed an ogre
  4385 | D:4      | Killed an ogre
  4385 | D:4      | Reached XP level 7. HP: 29/46 MP: 8/11
  4435 | D:4      | Found a hazy altar of Hepliaklqana.
  4895 | D:5      | Entered Level 5 of the Dungeon
  5461 | D:5      | Found Juem's General Store.
  5471 | D:5      | Bought a scroll of fog for 28 gold pieces
  5471 | D:5      | Bought a potion of curing for 42 gold pieces
  5619 | D:6      | Found a staircase to the Ecumenical Temple.
  5627 | Temple   | Entered the Ecumenical Temple
  5757 | Temple   | Became a worshipper of Kikubaaqudgha
  5827 | D:6      | Reached XP level 8. HP: 39/52 MP: 3/12
  6165 | D:6      | Reached skill level 1 in Fighting
  6408 | D:6      | Reached skill level 1 in Polearms
  6925 | D:6      | Found a shattered altar of Ashenzari.
  7056 | D:4      | Reached XP level 9. HP: 62/62 MP: 1/13
  7198 | D:4      | Reached * piety under Kikubaaqudgha
  7198 | D:4      | Identified Kikubaaqudgha's Reference Book on Evil Rites
                  | (Kikubaaqudgha gifted it to you on level 4 of the Dungeon)
  7198 | D:4      | Received a gift from Kikubaaqudgha
  7272 | D:3      | Killed Ijyb
  7272 | D:3      | Reached skill level 5 in Fire Magic
  7348 | D:3      | Killed Grinder
  7348 | D:3      | Reached skill level 5 in Fighting
  7352 | D:3      | Learned a level 2 spell: Sublimation of Blood
  7356 | D:3      | Learned a level 3 spell: Vampiric Draining
  7418 | D:2      | Killed Robin
  7461 | D:2      | Killed Sigmund
  7461 | D:2      | Reached skill level 1 in Armour
  7461 | D:2      | Reached skill level 1 in Necromancy
  7505 | D:1      | Killed Natasha
  7577 | D:1      | Noticed Natasha
  7586 | D:1      | Killed Natasha
  7660 | D:1      | Noticed Natasha
  7668 | D:1      | Killed Natasha
  7897 | D:7      | Noticed a hippogriff
  7910 | D:7      | Killed a hippogriff
  8034 | D:7      | Reached XP level 10. HP: 38/74 MP: 3/16
  8266 | D:7      | Reached ** piety under Kikubaaqudgha
  8288 | D:7      | Found Gasaehoo's Jewellery Shoppe.
  8325 | D:7      | Reached skill level 5 in Spellcasting
  8727 | D:8      | Noticed Grum
  8744 | D:8      | Killed Grum
  8809 | D:8      | Reached skill level 5 in Armour
  8833 | D:8      | Noticed Psyche
  8855 | D:8      | Killed Psyche
  8855 | D:8      | Reached skill level 5 in Necromancy
  8874 | D:8      | Found a flagged portal.
  9080 | D:8      | Found a sacrificial altar of Ru.
  9138 | D:8      | Reached *** piety under Kikubaaqudgha
  9138 | D:8      | Identified Kikubaaqudgha's Papyrus of Unholy Rituals
                  | (Kikubaaqudgha gifted it to you on level 8 of the Dungeon)
  9138 | D:8      | Received a gift from Kikubaaqudgha
  9161 | D:8      | Learned a level 4 spell: Dispel Undead
  9179 | Bailey   | Entered a bailey
  9657 | Bailey   | Reached XP level 11. HP: 14/79 MP: 12/21
  9889 | Bailey   | Noticed an orc knight
 10059 | Bailey   | Killed an orc knight
 10216 | Bailey   | Identified the Papyrus of Flying Hexes
 10533 | D:8      | Found a shimmering blue altar of Sif Muna.
 10533 | D:8      | Found a blossoming altar of Fedhas.
 10534 | D:8      | Found a white marble altar of Elyvilon.
 10948 | D:9      | Noticed a two-headed ogre
 11024 | D:8      | Killed a two-headed ogre
 11199 | D:9      | Found a staircase to the Lair.
 11244 | D:9      | Learned a level 3 spell: Ozocubu's Armour
 11669 | D:10     | Entered Level 10 of the Dungeon
 11741 | D:10     | Reached **** piety under Kikubaaqudgha
 11786 | D:10     | Reached skill level 1 in Ice Magic
 11788 | D:10     | Reached skill level 1 in Charms
 12265 | D:10     | Noticed a two-headed ogre
 12292 | D:10     | Killed a two-headed ogre
 12308 | D:10     | Noticed a two-headed ogre
 12314 | D:10     | Found Ywuxta's Distillery.
 12365 | D:10     | Killed a two-headed ogre
 12365 | D:10     | Reached XP level 12. HP: 82/88 MP: 12/22
 12919 | D:11     | Reached skill level 5 in Dodging
 13132 | D:11     | Reached ***** piety under Kikubaaqudgha
 13332 | D:11     | Noticed Josephine
 13380 | D:11     | Killed Josephine
 13745 | D:11     | Found a staircase to the Orcish Mines.
 13882 | D:11     | HP: 4/91 [cloud of flame (18)]
 14024 | D:11     | Gained mutation: You evolve. [potion of mutation]
 14024 | D:11     | Gained mutation: Your flesh is heat resistant. (rF+)
                  | [potion of mutation]
 14059 | Orc:1    | Entered Level 1 of the Orcish Mines
 14512 | Orc:1    | Noticed an orc high priest
 14573 | Orc:1    | Killed an orc high priest
 14807 | Orc:2    | Entered Level 2 of the Orcish Mines
 14810 | Orc:2    | Noticed Erolcha
 14837 | Orc:2    | Killed Erolcha
 14837 | Orc:2    | Reached skill level 5 in Charms
 14837 | Orc:2    | Reached skill level 5 in Ice Magic
 14958 | Orc:2    | Reached XP level 13. HP: 93/98 MP: 20/23
 14994 | Orc:2    | Noticed an ettin
 15037 | Orc:2    | Killed an ettin
 15149 | Orc:2    | Found a roughly hewn altar of Beogh.
 15233 | Orc:2    | Noticed Nessos
 15271 | Orc:2    | Killed Nessos
 15305 | Orc:2    | Gained mutation: You are partially covered in yellow
                  | scales. (AC +2) [evolution]
 15396 | Orc:2    | Found a roughly hewn altar of Beogh.
 15563 | Orc:2    | Noticed an orc warlord
 15587 | Orc:2    | Killed an orc warlord
 15617 | Orc:2    | Found Hdogatuh's Humungous Hoard.
 15648 | Orc:2    | Reached ****** piety under Kikubaaqudgha
 15690 | Orc:1    | Received a gift from Kikubaaqudgha
 15691 | Orc:1    | Fell from the grace of Kikubaaqudgha
 15821 | Temple   | Became a worshipper of Gozag Ym Sagoz the Greedy
 15906 | D:5      | Bought a scroll of identify for 28 gold pieces
 16013 | D:10     | Bought a potion of invisibility for 112 gold pieces
 16013 | D:10     | Bought a potion of curing for 42 gold pieces
 16193 | Orc:2    | Noticed Nergalle
 16220 | Orc:2    | Killed Nergalle
 16377 | Orc:2    | Found a staircase to the Elven Halls.
 16509 | Orc:2    | Found a roughly hewn altar of Beogh.
 16513 | Orc:2    | Found Okiz's General Store.
 16524 | Orc:2    | Found Viubij's Antique Armour Shoppe.
 16537 | Orc:2    | Bought a scroll of identify for 30 gold pieces
 16553 | Orc:2    | Bought a pair of ichor-stained gloves for 218 gold pieces
 16564 | Orc:2    | Identified the +2 pair of gloves of Vuon Seuf {rN+} (You
                  | bought it in a shop on level 2 of the Orcish Mines)
 16638 | Orc:2    | Found Nolesut's Antique Weapon Shoppe.
 16644 | Orc:2    | Bought a polished rapier for 243 gold pieces
 16653 | Orc:2    | Found Reigyeme's Book Shoppe.
 16976 | D:12     | Identified the +2 rapier "Liuzely" {antimagic, Str+4} (You
                  | bought it in a shop on level 2 of the Orcish Mines)
 17168 | D:12     | Found a gate leading to a gauntlet.
 17175 | Gauntlet | Entered a Gauntlet
 17175 | Gauntlet | Found a transporter.
 17183 | Gauntlet | Found a transporter.
 17184 | Gauntlet | Found a transporter.
 17195 | Gauntlet | Found a transporter.
 17196 | Gauntlet | Found a transporter.
 17202 | Gauntlet | Found a runed translucent gate.
 17202 | Gauntlet | Found a runed translucent gate.
 17205 | Gauntlet | Found a runed translucent gate.
 17205 | Gauntlet | Found a transporter.
 17221 | Gauntlet | Found a transporter.
 17222 | Gauntlet | Noticed a reaper
 17228 | Gauntlet | Noticed a green death
 17231 | Gauntlet | Found a transporter.
 17242 | Gauntlet | Found a transporter.
 17257 | Gauntlet | Found a transporter.
 17268 | Gauntlet | Found a transporter.
 17268 | Gauntlet | Found a transporter.
 17322 | Gauntlet | Found a transporter.
 17322 | Gauntlet | Found a transporter.
 17624 | Gauntlet | Learned a level 3 spell: Ignite Poison
 17815 | Gauntlet | Gained mutation: You possess an exceptional clarity of
                  | mind. [evolution]
 17851 | Gauntlet | Got a faintly glowing amber ring
 17857 | Gauntlet | Identified the ring "Ykyw" {*Tele rPois rF+ MR+ Int+4} (You
                  | found it in a Gauntlet)
 17920 | Gauntlet | Got a pair of warped gloves
 17920 | Gauntlet | Slain by a reaper

Illustrated notes

Levels and vault maps discovered:
D:1:      lightli_arrival_statue_moat, layout_basic, grunt_decor_fettered
D:2:      layout_rooms, uniq_natasha, uniq_sigmund
D:3:      layout_rooms, first_ration, nrook_mini_backslash, uniq_robin,
          uniq_grinder, uniq_ijyb
D:4:      cheibrodos_fertilizer, layout_loops_ring, marbit_many_paths
D:5:      layout_cave_pools, serial_shops, nicolae_shop_trees,
          minmay_misc_feat_alley
D:6:      layout_basic, kennysheep_little_box, minmay_temple_entry_large_hall
D:7:      layout_loops_ring, serial_shops, shop_statue
D:8:      layout_loops_cross, lemuel_doored_altar,
          gammafunk_temple_overflow_claw, enter_bailey_7, blue_anna_alchemist
          [blue_anna_fruit_fields, blue_anna_fruit_fields], minmay_between,
          uniq_grum, uniq_psyche
D:9:      layout_cave_pods, dpeg_oklobed_lair
D:10:     layout_irregular_city, serial_shops, shop
D:11:     layout_cave_pools, david_orc_1_choice, uniq_josephine
D:12:     layout_long_grid, gauntlet_entry_generic, gammafunk_ghost_stat_death
Temple:   nicolae_temple_elliptical
Orc:1:    layout_caves
Orc:2:    grunt_orc_cross, layout_caves, basic_altar, nicolae_alphabet_shops,
          mines1_david, uniq_nessos, uniq_erolcha
Gauntlet: minmay_gauntlet_77_tree [minmay_gauntlet_arena_77_tiled_triplets,
          minmay_gauntlet_arena_77_mirror,
          minmay_gauntlet_arena_77_chump_sandwich,
          minmay_gauntlet_arena_77_checkered,
          minmay_gauntlet_arena_77_terracotta_army,
          minmay_gauntlet_arena_77_two_paths,
          minmay_gauntlet_arena_77_run_for_it,
          nicolae_gauntlet_exit_dead_adventurers]

Skill      XL: |  1  2  3  4  5  6  7  8  9 10 11 12 13 |
---------------+----------------------------------------+-----
Conjurations   | 1 2 3 4 5 6 |  6.0
Poison Magic   | 1 2 3 4 |  4.0
Fire Magic     | 1 2 4 5 |  5.0
Air Magic      | 1 2 3 4 |  4.0
Fighting       | 2 5 6 7 9 |  9.5
Polearms       | 1 2 |  2.0
Armour         | 2 5 6 7 9 |  9.5
Dodging        | 3 4 6 7 |  7.8
Necromancy     | 2 5 9 |  9.0
Spellcasting   | 4 6 7 |  7.6
Ice Magic      | 2 5 6 |  6.0
Charms         | 2 5 6 |  6.0
Stealth        | |  2.4
Summonings     | |  1.0
Translocations | |  0.8

Action                   |  1- 3 |  4- 6 |  7- 9 | 10-12 | 13-15 || total
-------------------------+-------+-------+-------+-------+-------++-------
Melee: Whip              |     2 |    31 |       |       |       ||    33
       Halberd           |       |    36 |   151 |   672 |   354 ||  1213
       Falchion          |       |       |     5 |       |       ||     5
       Dagger            |       |       |       |       |    55 ||    55
 Fire: Hunting sling     |       |       |   136 |       |       ||   136
Throw: Dart              |       |    44 |     8 |     8 |       ||    60
       Stone             |       |     2 |       |       |       ||     2
 Cast: Magic Dart        |    71 |   147 |    90 |    96 |       ||   404
       Mephitic Cloud    |     1 |    12 |    19 |   104 |    59 ||   195
       Conjure Flame     |       |     4 |    30 |    66 |    29 ||   129
       Vampiric Draining |       |       |       |    13 |     8 ||    21
       Dispel Undead     |       |       |       |    12 |    12 ||    24
       Sublimation of Bl |       |       |       |       |     9 ||     9
       Ozocubu's Armour  |       |       |       |       |     5 ||     5
Invok: Receive Necronomi |       |       |       |       |     1 ||     1
       Renounce Religion |       |       |       |       |     1 ||     1
 Abil: Dig               |     4 |     7 |    10 |    69 |    20 ||   110
  Use: Scroll            |       |       |     4 |    10 |     3 ||    17
       Potion            |       |       |       |     3 |     2 ||     5
 Stab: Confused          |       |     2 |     6 |    16 |    32 ||    56
       Sleeping          |       |     3 |     1 |       |       ||     4
  Eat: Chunk             |     2 |    12 |    14 |    32 |     4 ||    64
       Ration            |       |       |     1 |     1 |     4 ||     6
Armor: Robe              |     3 |    21 |    33 |    78 |       ||   135
       Troll leather arm |       |       |       |    32 |   154 ||   186
Dodge: Dodged            |     9 |    80 |    90 |   271 |   253 ||   703
       Rpst.: Falchion   |       |       |     1 |       |       ||     1
